 Dungeon Crawl Stone Soup version 0.14.0-6-g1bc2dff (webtiles) character file.

9773 Ragg the Hoplite (level 11, -27/72 HPs)
             Began as a Gargoyle Fighter on Apr 11, 2014.
             Was a Priest of Okawaru.
             Killed from afar by a rakshasa (illusionary) (37 damage)
             ... with an orb of energy
             ... on Level 9 of the Dungeon on Apr 12, 2014.
             The game lasted 00:46:39 (10503 turns).

Ragg the Hoplite (Gargoyle Fighter)                Turns: 10503, Time: 00:46:39

HP -27/72        AC  0     Str 18      XL: 11   Next: 45%
MP  11/11        EV 17     Int  9      God: Okawaru [***...]
Gold 394         SH  0     Dex 14      Spells:  0 memorised, 10 levels left

rFire  . . .     SeeInvis .     w - melded +3,+1 flail (protect)
rCold  . . .     Clarity  .     D - melded +2 plate armour
rNeg   + . .     Conserve .     c - melded +0 shield
rPois  +         rCorr    .     i - melded +1 helmet
rElec  .         rRot     +     K - melded +1 cloak of the Lute {Acc+3}
SustAb . .       Spirit   .     Y - melded +0 pair of gloves
rMut   +         Warding  .     (boots currently unavailable)
Saprov . . .     Stasis   .     B - amulet of resist mutation
MR     .....                    t - melded +5 ring of protection
                                v - melded +5 ring of evasion

@: bat-form, flying, very quick, not resistant to hostile enchantments,
unstealthy
A: life protection 1, (electricity resistance), (unbreathing), petrification
resistance, AC +7
a: Heroism, Renounce Religion


You were on level 9 of the Dungeon.
You worshipped Okawaru.
Okawaru was most pleased with you.
You were not hungry.
You were in bat-form.
You visited 2 branches of the dungeon, and saw 11 of its levels.

You collected 394 gold pieces.

Inventory:

Hand weapons
 w - a +3,+1 flail of protection (melded)
Missiles
 b - 148 stones (quivered)
Armour
 c - a +0 shield (melded)
 i - a +1 helmet (melded)
 D - a +2 plate armour (melded)
 K - the +1 cloak of the Lute (melded) {Acc+3}
   (You found it on level 10 of the Dungeon)

   It affects your accuracy with ranged weapons and melee attacks (+3).
 Y - a +0 pair of gloves (melded)
Magical devices
 I - a wand of frost (3)
 W - a wand of fireball (3)
Comestibles
 d - 8 bread rations
 p - an apricot
 s - 3 meat rations
 u - 2 chokos
 O - a rambutan
 S - 3 pears
 T - 2 beef jerkies
 U - 9 cheeses
 X - a sausage
 Z - an apple
Scrolls
 h - 4 scrolls of recharging
 j - 3 scrolls of fear
 o - 2 scrolls of noise
 x - 4 scrolls of teleportation
 y - 5 scrolls of remove curse
 z - a scroll of magic mapping
 E - a scroll of amnesia {unknown}
 L - 2 scrolls of immolation
Jewellery
 m - a +4 ring of strength
 t - a +5 ring of protection (melded)
 v - a +5 ring of evasion (melded)
 B - an amulet of resist mutation (around neck)
 C - an uncursed ring of sustenance
 H - an uncursed amulet of rage
 J - an uncursed ring of protection from cold
 M - an uncursed ring of positive energy
 P - a cursed -3 ring of strength
 R - an uncursed ring of magical power
Potions
 a - a potion of restore abilities {unknown}
 e - a potion of might
 g - a potion of strong poison {unknown}
 k - 2 potions of lignification
 l - 2 potions of brilliance {unknown}
 n - a potion of haste
 q - 6 potions of curing
 A - 2 potions of agility
 Q - a potion of heal wounds
Books
 G - a book of Party Tricks

   Spells                             Type                      Level
   Summon Butterflies                 Summoning                    1
   Apportation                        Translocation                1
   Blink                              Translocation                2
   Alistair's Intoxication            Transmutation/Poison         4
   Tukima's Dance                     Hexes                        5
Miscellaneous
 f - a sack of spiders
 V - an ornate deck of war {drawn: 2}
Rods
 N - a +9 rod of inaccuracy (10/10)
   (You found it on level 10 of the Dungeon)


   Skills:
 + Level 10.2 Fighting
 + Level 9.8 Maces & Flails
 + Level 10.1 Armour
 + Level 10.4 Shields


You had 10 spell levels left.
You didn't know any spells.

Dungeon Overview and Level Annotations

Branches:
Dungeon (10/15)            Temple (1/1) D:7            Lair (0/8) D:10
    Orc: D:9-12

Altars:
Ashenzari
Cheibriados
Dithmenos
Elyvilon
Fedhas
Kikubaaqudgha
Makhleb
Nemelex Xobeh
Okawaru
Sif Muna
Trog
Vehumet
Xom
Yredelemnul
Zin
The Shining One

Shops:
D:5 %   D:6 %


Innate Abilities, Weirdness & Mutations

You are resistant to torment.
You are immune to poison.
You are immune to rotting.
((Your stone body is very resilient (AC +7).))*
You resist negative energy.
((You are resistant to electric shocks.))*
((You can survive without breathing.))*
You are immune to petrification.


Message History

Your +0 pair of gloves melds into your body.
Your +0 shield melds into your body.
Your +2 plate armour melds into your body.
Your +5 ring of evasion melds into your body.
Your +5 ring of protection melds into your body.
The rakshasa hits you with a runed falchion!
The rakshasa gestures.
The rakshasa blinks!
The rakshasa hits you with a runed falchion!
The rakshasa gestures.
The rakshasa blinks!
The rakshasa gestures.
The rakshasa blinks!
The rakshasa gestures at you. The orb of energy hits you!
* * * LOW HITPOINT WARNING * * *
The rakshasa gestures at you. The orb of energy hits you!
Ouch! That really hurt!
You die...

### ..# ###### ##################
..#######....###b.....R......ยง...
.....)............)....R.........
..#######....###.#.......###.####
..# ###.## #.#.......# #.# ..# #.#
#.####..#####)### ..# #.# #.# #..#
#....## ..# #.# #.# #..# #......
..# #.# #.# #..# #....##
..#########.# #.# #..# ######


You could see 2 rakshasas.

Vanquished Creatures
  Urug (D:10)
  The ghost of Fizybubbleh the Spear-Bearer, an experienced HuFi of Makhleb (D:10)
  An unseen horror (D:10)
  A griffon (D:10)
  A gargoyle (D:10)
  Grinder (D:3)
  Prince Ribbit (D:5)
  A human (D:7)
  2 deep elf magi (D:10)
  6 yaks
  A hill giant zombie (D:9)
  Eustachio (D:8)
  Grum (D:9)
  2 wolves (D:9)
  A water moccasin (D:6)
  3 phantoms
  A giant goldfish (D:10)
  2 ice beasts
  5 orc warriors
  A yellow wasp (D:10)
  8 ogres
  2 sky beasts
  2 boring beetles (D:10)
  2 centaurs
  A giant slug (D:10)
  Blork the orc (D:8)
  5 giant frogs
  2 scorpions
  6 killer bees
  3 wights (D:9)
  A hippogriff zombie (D:8)
  A yak skeleton (D:7)
  2 electric eels (D:10)
  A crimson imp (D:7)
  A giant frog zombie (D:10)
  4 jellies
  2 hounds
  5 orc priests
  6 orc wizards
  A two-headed ogre skeleton (D:10)
  A gnoll shaman (D:4)
  An iguana (D:5)
  An iron imp (D:8)
  3 worker ants
  3 sheep (D:7)
  Ijyb (D:2)
  An ogre skeleton (D:6)
  10 gnolls
  9 adders
  A green rat (D:8)
  A shadow imp (D:6)
  A worm (D:5)
  A goliath beetle zombie (D:9)
  An adder zombie (D:8)
  An orc skeleton (D:5)
  2 giant eyeballs
  7 giant geckos
  2 oozes (D:2)
  25 orcs
  34 bats
  6 giant cockroaches
  15 goblins
  14 hobgoblins
  8 jackals
  9 kobolds
  7 quokkas
  8 giant newts
  A kobold skeleton (D:5)
  An orc zombie (D:5)
  18 rats
283 creatures vanquished.

Vanquished Creatures (others)
  A wight (D:9)
1 creature vanquished.

Grand Total: 284 creatures vanquished

Notes
Turn   | Place    | Note
--------------------------------------------------------------
     0 | D:1      | Ragg, the Gargoyle Fighter, began the quest for the Orb.
     0 | D:1      | Reached XP level 1. HP: 14/14 MP: 1/1
   126 | D:1      | Reached XP level 2. HP: 19/19 MP: 2/2
   537 | D:1      | Reached XP level 3. HP: 22/24 MP: 3/3
   995 | D:2      | Noticed Ijyb
  1010 | D:2      | Killed Ijyb
  1058 | D:2      | Reached skill level 4 in Fighting
  1058 | D:2      | Reached XP level 4. HP: 25/29 MP: 4/4
  2042 | D:3      | Reached XP level 5. HP: 33/33 MP: 5/5
  2048 | D:3      | Noticed Grinder
  2054 | D:3      | Paralysed by Grinder for 6 turns
  2078 | D:3      | Killed Grinder
  2078 | D:3      | Reached skill level 5 in Shields
  2078 | D:3      | Reached XP level 6. HP: 26/39 MP: 6/6
  2489 | D:3      | Found a burning altar of Makhleb.
  2495 | D:3      | Found a bloodstained altar of Trog.
  2537 | D:3      | Reached skill level 5 in Fighting
  2541 | D:3      | Reached XP level 7. HP: 44/44 MP: 7/7
  2586 | D:3      | Found a sparkling altar of Nemelex Xobeh.
  2586 | D:3      | Found a glowing golden altar of the Shining One.
  2587 | D:3      | Found a shimmering altar of Xom.
  2589 | D:3      | Found a basalt altar of Yredelemnul.
  3350 | D:4      | Reached skill level 5 in Armour
  3742 | D:4      | Found a white marble altar of Elyvilon.
  3971 | D:5      | Entered Level 5 of the Dungeon
  4265 | D:5      | Reached skill level 5 in Maces & Flails
  4306 | D:5      | Reached skill level 6 in Shields
  4311 | D:5      | Noticed Prince Ribbit
  4343 | D:5      | Killed Prince Ribbit
  4343 | D:5      | Reached XP level 8. HP: 22/51 MP: 8/8
  4551 | D:5      | Found Agie's Food Boutique.
  5552 | D:6      | Found Ammesiopp's Food Boutique.
  6339 | D:6      | Reached skill level 7 in Shields
  6342 | D:6      | Reached XP level 9. HP: 40/56 MP: 9/9
  6796 | D:7      | Found a staircase to the Ecumenical Temple.
  6826 | Temple   | Entered the Ecumenical Temple
  7389 | D:8      | Noticed Eustachio
  7410 | D:8      | Killed Eustachio
  7410 | D:8      | Reached skill level 8 in Shields
  7633 | D:8      | Paralysed by a giant eyeball for 3 turns
  7717 | D:8      | Noticed Blork the orc
  7718 | D:8      | Paralysed by Blork the orc for 6 turns
  7733 | D:8      | Paralysed by Blork the orc for 4 turns
  7742 | D:8      | Killed Blork the orc
  7786 | D:8      | Reached XP level 10. HP: 64/64 MP: 10/10
  8421 | D:9      | Found an iron altar of Okawaru.
  8428 | D:9      | Became a worshipper of Warmaster Okawaru
  8457 | D:9      | Reached skill level 9 in Shields
  8482 | D:9      | Noticed a rakshasa
  8545 | D:10     | Entered Level 10 of the Dungeon
  8814 | D:10     | Noticed Fizybubbleh's ghost (experienced HuFi)
  8843 | D:10     | Killed Fizybubbleh's ghost
  8859 | D:10     | Acquired Okawaru's first power
  8951 | D:10     | Found a staircase to the Lair.
  9078 | D:10     | Noticed a griffon
  9129 | D:10     | Killed a griffon
  9443 | D:10     | Reached XP level 11. HP: 71/71 MP: 11/11
  9604 | D:10     | Reached skill level 10 in Shields
  9618 | D:10     | Paralysed by a giant eyeball for 4 turns
  9625 | D:10     | Paralysed by a giant eyeball for 4 turns
  9694 | D:10     | Noticed Urug
  9737 | D:10     | Killed Urug
  9961 | D:10     | Reached skill level 10 in Fighting
 10077 | D:10     | Got a twisted cloak
 10081 | D:10     | Identified the +1 cloak of the Lute {Acc+3} (You found it on level 10 of the Dungeon)
 10214 | D:10     | Killed an unseen horror
 10214 | D:10     | Reached skill level 10 in Armour
 10318 | D:9      | Noticed Grum
 10336 | D:9      | Killed Grum
 10503 | D:9      | Killed from afar by a rakshasa (illusionary)

Action                   |  1- 3 |  4- 6 |  7- 9 | 10-12 || total
-------------------------+-------+-------+-------+-------++-------
Melee: Flail             |   151 |   178 |   617 |   542 ||  1488
Throw: Stone             |       |       |    16 |    29 ||    45
Invok: Heroism           |       |       |       |     1 ||     1
Evoke: Wand              |       |       |     4 |     1 ||     5
       Deck              |       |       |       |     2 ||     2
  Use: Scroll            |       |     4 |     4 |    10 ||    18
       Potion            |       |       |     2 |     6 ||     8
 Stab: Invisible         |       |       |       |     4 ||     4
